 Dungeon Crawl Stone Soup version 0.18-a0-844-g9229740 (webtiles) character file.

506048 4thArraOfDagon the Phalangite (level 23, -4/193 HPs)
             Began as a Centaur Abyssal Knight on Dec 18, 2015.
             Was the Champion of Makhleb.
             Slain by an Executioner (14 damage)
             ... summoned by the player character
             ... on level 2 of the Tomb of the Ancients on Dec 19, 2015.
             The game lasted 04:07:39 (34394 turns).

4thArraOfDagon the Phalangite (CeAK)               Turns: 34394, Time: 04:07:39

Health: -4/193     AC: 44    Str: 30      XL:     23   Next: 52%
Magic:  31/31      EV:  8    Int: 13 (23) God:    Makhleb [******]
Gold:   3256       SH:  0    Dex: 13 (18) Spells: 8 memorised, 8 levels left

rFire  + . .     SeeInvis .     d - +9 glaive (flame)
rCold  + . .     Gourm    .     O - +10 plate armour of Gravity {rElec Int+4}
rNeg   + + +     Faith    +     (shield currently unavailable)
rPois  +         Spirit   .     R - +2 hat {Int+3}
rElec  +         Dismiss  .     f - +0 cloak of Punoc {rF+ rC- Str+5}
rCorr  .         Reflect  .     Y - +2 pair of gloves {Str+3}
SustAt .         Harm     .     p - +1 centaur barding of the Worm {Regen+}
MR     +....     Rnd*Tele +     s - amulet "Irphor Rouku" {Faith *Contam rElec rC+ rN++}
Stlth  ..........               q - ring of Ymash {rPois rC++ AC+2 Str+6}
                                u - ring of Ruich {+/*Tele rPois rC- rN+ Int+5}

@: very slightly contaminated, hasted, very quick, somewhat resistant to hostile
enchantments, extremely unstealthy
A: hooves 3, horns 1, slimy green scales 1, deformed body, deterioration 1,
speed 2, low mp 1, tough skin 3
a: Minor Destruction, Lesser Servant of Makhleb, Major Destruction, Greater
Servant of Makhleb, Renounce Religion, Evoke Teleportation
}: 4/15 runes: barnacled, slimy, silver, gossamer


You were on level 2 of the Tomb of the Ancients.
You worshipped Makhleb.
Makhleb was exalted by your worship.
You were full.

You visited 11 branches of the dungeon, and saw 54 of its levels.
You visited the Abyss 4 times.
You visited 1 bazaar.
You also visited: Labyrinth, Trove, Sewer, Ice Cave, Volcano and Wizlab.

You collected 6325 gold pieces.
You spent 3069 gold pieces at shops.

Inventory:

Hand Weapons
 d - a +9 glaive of flaming (weapon)
 N - a +6 bardiche of chopping
Missiles
 U - 2 throwing nets (quivered)
Armour
 f - the +0 cloak of Punoc (worn) {rF+ rC- Str+5}
   (You bought it in a shop on level 1 of the Orcish Mines)

   It affects your strength (+5).
   It protects you from fire.
   It makes you vulnerable to cold.
 p - the +1 centaur barding of the Worm (worn) {Regen+}
   (You found it in a treasure trove)

   It increases your rate of regeneration.
 O - the +10 plate armour of Gravity (worn) {rElec Int+4}
   (You found it in a treasure trove)

   It affects your intelligence (+4).
   It insulates you from electricity.
 R - a +2 hat of intelligence (worn)
 Y - a +2 pair of gloves of strength (worn)
Magical Staves
 z - an uncursed staff of wizardry {!a}
Rods
 x - a +4 rod of clouds (14/14)
   (You found it on level 6 of the Pits of Slime)
 S - a +9 lightning rod (13/13)
   (You found it on level 6 of the Pits of Slime)
Jewellery
 g - the ring "Lubiqur" {Fire MR+ Str+3}
   (You found it on level 3 of the Crypt)

   [ring of fire]

   It enhances your fire magic, and weakens your ice magic.
   It affects your strength (+3).
   It protects you from fire.
   It makes you vulnerable to cold.
   It affects your resistance to hostile enchantments.
 q - the ring of Ymash (right hand) {rPois rC++ AC+2 Str+6}
   (You found it on level 4 of the Shoals)

   [ring of protection]

   It affects your AC (+2).
   It affects your strength (+6).
   It greatly protects you from cold.
   It protects you from poison.
 s - the amulet "Irphor Rouku" (around neck) {Faith *Contam rElec rC+ rN++}
   (You took it off a deep elf sorcerer on level 3 of the Elven Halls)

   [amulet of faith]

   It allows you to gain divine favour quickly.
   It protects you from cold.
   It insulates you from electricity.
   It greatly protects you from negative energy.
   It causes magical contamination when unequipped.
 u - the ring of Ruich (left hand) {+/*Tele rPois rC- rN+ Int+5}
   (You took it off an ironbrand convoker on level 5 of the Vaults)

   [ring of teleportation]

   It may teleport you next to monsters, and can be evoked to randomly teleport.
   It affects your intelligence (+5).
   It makes you vulnerable to cold.
   It protects you from poison.
   It protects you from negative energy.
 M - the ring "Aprazus" {+/*Tele rF+ Int-2 SInv}
   (You took it off a minotaur in a labyrinth)

   [ring of teleportation]

   It may teleport you next to monsters, and can be evoked to randomly teleport.
   It affects your intelligence (-2).
   It protects you from fire.
   It lets you see invisible.
 P - a +6 ring of intelligence
 V - a +6 ring of evasion
Wands
 i - a wand of teleportation (7)
 l - a wand of heal wounds (0)
 r - a wand of hasting (2)
 y - a wand of teleportation (1)
 I - a wand of digging (11)
 L - a wand of disintegration (18)
 Q - a wand of teleportation (4)
Scrolls
 j - 4 scrolls of identify
 k - 5 scrolls of magic mapping
 A - 6 scrolls of fog
 F - a scroll of silence
 H - a scroll of holy word
 K - 11 scrolls of remove curse
 W - a scroll of blinking
Potions
 a - 5 potions of resistance
 b - 2 potions of cancellation
 h - 2 potions of brilliance
 n - 2 potions of curing
 o - 5 potions of lignification
 v - 3 potions of flight
 C - 3 potions of berserk rage
 D - 2 potions of magic
 J - 2 potions of cure mutation
 X - 2 potions of might
 Z - 4 potions of ambrosia
Miscellaneous
 e - a lamp of fire
 w - a fan of gales
 B - a box of beasts
 E - a box of beasts
 G - 2 phantom mirrors
 T - a piece from Xom's chessboard
Comestibles
 c - 29 bread rations
 t - 31 meat rations


   Skills:
 - Level 13.6 Fighting
   Level 1.7(16.7) Axes
 * Level 24.1 Polearms
 - Level 15.2 Armour
 - Level 9.2 Dodging
 - Level 3.1 Spellcasting
 - Level 1.9 Charms
 - Level 6.1 Translocations
 - Level 1.5 Air Magic
 - Level 15.5 Invocations
 - Level 10.3 Evocations


You had 8 spell levels left.
You knew the following spells:

 Your Spells              Type           Power        Failure   Level  Hunger
a - Passage of Golubria   Tloc           N/A          92%         4    #####..
b - Swiftness             Chrm/Air       #.......     85%         2    ##.....
c - Repel Missiles        Chrm/Air       #.....       85%         2    ##.....
d - Apportation           Tloc           ###.......   12%         1    #......
e - Blink                 Tloc           N/A          17%         2    ##.....
f - Stoneskin             Trmt/Erth      #.......     99%         2    ##.....
g - Cure Poison           Pois           #.........   99%         2    ##.....
h - Silence               Hex/Air        #.........   100%        5    ######.


Dungeon Overview and Level Annotations

Branches:
Dungeon (15/15)            Temple (1/1) D:7            Lair (8/8) D:9
 Shoals (4/4) Lair:5       Spider (4/4) Lair:6        Slime (6/6) Lair:7
    Orc (2/2) D:10            Elf (3/3) Orc:2        Vaults (5/5) D:13
  Crypt (3/3) Vaults:2       Tomb (3/3) Crypt:3
 Depths: D:15

Altars:
Ashenzari
Cheibriados
Dithmenos
Elyvilon
Fedhas
Gozag
Kikubaaqudgha
Makhleb
Nemelex Xobeh
Okawaru
Pakellas
Qazlal
Ru
Sif Muna
Trog
Vehumet
Xom
Yredelemnul
Zin
The Shining One
Beogh
Jiyva

Shops:
D:7 (   D:14 %   Orc:1 [   Orc:2 (%%!   Vaults:3 (   Vaults:4 (

Annotations:
D:12 Fannar
Lair:4 nublet's ghost, journeyman DrTm
Lair:5 exclusion: upstairs
Slime:6 corrupted
Elf:1 exclusion: Roxanne, Roxanne
Crypt:1 Margery; Saint Roka
Abyss:1 Arachne; Harold; Snorg


Innate Abilities, Weirdness & Mutations

You have hooves in place of feet.
Armour fits poorly on your strangely shaped body.
You cover ground very quickly.
You have extremely tough skin (AC +3).
You have a pair of small horns on your head.
You are partially covered in slimy green scales (AC +2).
Your body sometimes deteriorates upon taking damage.
Your magical capacity is low (-10% MP).


Message History

The Executioner hits you but does no damage.
Unknown command.
Unknown command.
Drink which item? (? for menu, Esc to quit)
Okay, then.
Evoke which item? (* to show all) (? for menu, Esc to quit)
Zapping:
r - a wand of hasting (3)
Press: ? - help, Shift-Dir - straight line, f - you You feel yourself speed up.
You are very lightly contaminated with residual magic.
This wand has 2 charges left.
The Executioner hits you but does no damage. x2
The Executioner barely misses you. The Executioner hits you!
* * * LOW HITPOINT WARNING * * *
The Executioner hits you but does no damage. x2
The ushabti shakes and rattles.
The vile air hits you!
The greater mummy hits you but does no damage.
The Executioner hits you!
You die...

#....^# .....## ###'###
....... #..^^.# .....
#.....# ...
#.^^.^#########'############
#^..^^....ZV#......#†.......
#........ZW3#...^..#^.......
#..^....wS18#...}..'^.......
#.......wXM@#.....^#^......<
############################


You could see a greater mummy, a tentacled starspawn, an Executioner, a
jiangshi, a soul eater, a flayed ghost, a mana viper, an ushabti, a spectral
shock serpent, 2 starspawn tentacles and an anaconda simulacrum.

Vanquished Creatures
  the Royal Jelly (Slime:6)
  An ancient lich (Vaults:4)
  2 greater mummies (Tomb:2)
  Frederick (Crypt:3)
  The ghost of crawlian the Metallomancer, a veteran DEEE of Sif Muna (Slime:6)
  A profane servitor (Crypt:3)
  Jory (Crypt:3)
  4 golden dragons (Vaults:5)
  Nikola (Shoals:3)
  A bone dragon (Crypt:3)
  Jorgrun (Vaults:2)
  3 tentacled monstrosities (Vaults:5)
  6 titans
  An Ice Fiend (IceCv)
  A lich (Crypt:3)
  2 deep elf blademasters (Elf:3)
  2 deep elf master archers (Elf:3)
  A quicksilver dragon (Vaults:5)
  Polyphemus (Abyss:1)
  8 acid blobs
  Frances (Spider:1)
  3 sphinxes
  8 tengu reavers
  2 tentacled starspawn
  A storm dragon (Vaults:5)
  6 shadow dragons (Vaults:5)
  5 ancient champions
  Ilsuiw (Shoals:4)
  3 azure jellies
  Wiglaf (Elf:1)
  2 revenants
  18 vault wardens
  4 deep elf sorcerers
  2 iron dragons (Vaults:5)
  Maud (D:14)
  A fire giant (Vaults:4)
  7 emperor scorpions
  2 frost giants (Vaults:5)
  An orc warlord (Orc:1)
  3 ghost moths (Spider:4)
  3 curse skulls (Crypt:1)
  A deep elf elementalist (Elf:3)
  5 very ugly things
  A ghoul (Crypt:3)
  2 war gargoyles
  11 ironheart preservers
  2 vampire knights
  8 stone giants
  9 deep elf demonologists
  A spark wasp (Spider:4)
  7 deep elf annihilators
  8 ettins
  A death ooze (Slime:5)
  2 fire dragons (Vaults:4)
  4 merfolk javelineers
  5 deep elf death magi
  A minotaur (Lab)
  6 mummy priests (Tomb:2)
  Josephine (Abyss:1)
  7 merfolk impalers (Shoals:4)
  18 jiangshi
  6 deep elf high priests
  13 yaktaur captains
  3 great orbs of eyes
  42 vault guards
  10 ogre magi
  A rakshasa (Vaults:2)
  An ice dragon (Vaults:4)
  9 hydras
  An ice dragon (shapeshifter) (Vaults:5)
  5 death knights
  A queen ant (Lair:8)
  A merfolk avatar (Shoals:2)
  3 alligator snapping turtles
  A merfolk aquamancer (Shoals:3)
  5 catoblepae
  17 dancing weapons
  6 centaur warriors
  27 death yaks
  2 satyrs
  A deep troll shaman (Vaults:4)
  2 vampire magi (Crypt:3)
  A tengu warrior (D:13)
  An orc high priest (Orc:1)
  5 thrashing horrors
  Sonja (Abyss:1)
  6 deep elf knights
  The ghost of Charly the Cleaver, a novice DDGl (D:12)
  16 skeletal warriors
  A shadow wraith (Crypt:3)
  3 wretched stars
  3 fire crabs
  13 sea snakes
  A death drake (shapeshifter) (Vaults:5)
  8 death scarabs
  7 deep trolls
  3 flayed ghosts
  3 hell knights
  A giant orange brain (Abyss:2)
  6 phantasmal warriors
  10 deep elf archers
  14 ironbrand convokers
  A lindwurm (Lair:7)
  4 necromancers
  36 deep elf magi
  10 griffons
  A spectral ettin (Crypt:3)
  10 ugly things
  8 orc knights
  An orb spider (shapeshifter) (D:14)
  2 orb spiders
  2 hornets (Vaults:4)
  An anubis guard (shapeshifter) (Vaults:4)
  6 hill giants
  15 large abominations
  15 harpies
  9 fauns
  A wizard (D:14)
  14 wolf spiders
  3 cyclopes
  A worldbinder (Abyss:1)
  An octopode (shapeshifter) (Vaults:3)
  A salamander (shapeshifter) (Vaults:4)
  2 anubis guards (Tomb:3)
  5 manticores
  7 water nymphs
  10 sirens
  6 orc sorcerers
  A guardian serpent (shapeshifter) (Vaults:4)
  An elephant (shapeshifter) (Vaults:4)
  Maurice (D:8)
  3 elephants (Lair:8)
  A toenail golem (Volcano)
  2 black mambas
  2 gargoyles
  2 ice statues (IceCv)
  A centaur zombie (D:14)
  6 shining eyes
  8 vault sentinels
  11 spiny frogs
  A dire elephant skeleton (Crypt:1)
  2 eyes of devastation
  6 komodo dragons
  2 molten gargoyles (Volcano)
  An orange demon (Abyss:1)
  4 demonic crawlers
  An efreet (Volcano)
  A ghost moth simulacrum (Crypt:3)
  14 guardian mummies
  A catoblepas skeleton (Crypt:1)
  2 kobold demonologists (Vaults:2)
  13 ice devils (IceCv)
  24 merfolk
  A tengu conjurer (D:14)
  13 yaktaurs
  11 jumping spiders
  10 freezing wraiths
  2 polar bears (shapeshifter)
  4 fire drakes
  2 polar bears
  5 trolls
  Grinder (D:4)
  5 ancient zymes
  10 two-headed ogres
  3 blink frogs (Lair:3)
  A stone giant simulacrum (Crypt:1)
  A giant leech (shapeshifter) (Vaults:5)
  A hornet zombie (D:14)
  An ice dragon zombie (Crypt:1)
  5 boulder beetles
  A boulder beetle (shapeshifter) (Vaults:5)
  10 snapping turtles
  2 air elementals
  16 trapdoor spiders
  8 ushabtiu
  56 slime creatures
  A spriggan (D:8)
  55 flying skulls
  2 vampires
  A ynoxinul (Abyss:2)
  An ettin skeleton (Crypt:1)
  13 starcursed masses
  4 shadows
  17 redbacks
  3 hungry ghosts
  13 wraiths
  4 fire elementals
  11 tarantellas
  9 water elementals
  A wyvern (D:14)
  A chaos spawn (Abyss:1)
  40 yaks
  2 golden eyes (Slime:6)
  7 hippogriffs
  17 wolves
  4 vampire mosquitoes (D:14)
  2 wargs
  16 soldier ants (Lair:8)
  Edmund (D:4)
  An ice beast (D:6)
  11 water moccasins
  A deep troll skeleton (Crypt:1)
  A mottled dragon (Vaults:2)
  35 orc warriors
  5 phantoms
  An elephant zombie (Crypt:1)
  4 necrophages
  3 eyes of draining
  A blink frog zombie (Crypt:1)
  5 porcupines
  3 sky beasts
  A fire dragon simulacrum (Crypt:3)
  A wasp (D:15)
  28 ogres
  2 black bears
  An ogre (shapeshifter) (Vaults:4)
  A wasp (shapeshifter) (Vaults:3)
  14 centaurs
  An anubis guard skeleton (Crypt:1)
  12 crocodiles
  An octopode zombie (Crypt:1)
  22 small abominations
  6 earth elementals
  19 giant frogs
  A gnoll sergeant (D:7)
  5 big kobolds
  4 scorpions
  A troll zombie (D:10)
  15 killer bees
  27 wights
  2 quasits
  2 electric eels
  A giant frog zombie (D:7)
  4 crimson imps
  4 lava snakes
  27 orc priests
  5 centaur skeletons
  19 jellies
  34 orc wizards
  Ijyb (D:2)
  39 worker ants
  Natasha (twice) (D:4)
  8 iguanas
  A giant frog skeleton (D:9)
  8 hounds
  5 ogre zombies (D:10)
  22 sheep
  A naga zombie (Crypt:2)
  14 mummies
  3 worker ant zombies
  8 adders
  6 gnolls (D:7)
  33 river rats
  A shadow imp (D:6)
  21 white imps
  6 ufetubi (IceCv)
  An ooze (D:6)
  An adder skeleton (D:4)
  A worm (D:2)
  4 giant geckos
  77 orcs
  3 ball pythons (Sewer)
  11 bats
  3 hobgoblins
  5 jackals
  22 kobolds
  2 quokkas
  8 giant cockroaches
  A giant gecko zombie (D:7)
  10 giant newts
  2 goblins
  A goblin zombie (D:10)
  A hobgoblin skeleton (D:10)
  4 hobgoblin zombies (D:10)
  A jackal zombie (D:3)
  3 orc skeletons
  9 orc zombies (D:10)
  19 rats
  2 crawling corpses (Vaults:4)
  2 fire vortices (Volcano)
  A fungus (Lair:8)
  2 starspawn tentacles (Crypt:2)
1859 creatures vanquished.

Vanquished Creatures (collateral kills)
  Sojobo (Vaults:2)
  Xtahua (Crypt:1)
  A tentacled monstrosity (Vaults:5)
  A titan (Vaults:5)
  A tengu reaver (Vaults:5)
  A deep elf annihilator (Vaults:5)
  A vault guard (Vaults:4)
  2 jiangshi (Crypt:3)
  A merfolk avatar (Shoals:1)
  A hell knight (Crypt:1)
  A death scarab (Tomb:2)
  An ironbrand convoker (Vaults:5)
  A deep troll (Vaults:5)
  A faun (Shoals:1)
  A black mamba (Lair:3)
  A komodo dragon (Lair:3)
  A merfolk (Shoals:1)
  A guardian mummy (Tomb:2)
  An ushabti (Tomb:2)
  A wolf (Lair:3)
  A small abomination (Crypt:3)
  An orc warrior (Crypt:1)
  A water moccasin (Lair:3)
  A necrophage (Crypt:3)
25 creatures vanquished.

Vanquished Creatures (others)
  A lich (Tomb:2)
  6 acid blobs (Slime:6)
  4 azure jellies (Slime:6)
  A deep elf elementalist (Elf:3)
  5 slime creatures
  2 merfolk javelineers (Shoals:4)
  3 death oozes (Slime:6)
  2 merfolk impalers (Shoals:3)
  A great orb of eyes (Slime:6)
  A merfolk aquamancer (Shoals:4)
  An orc high priest (Orc:2)
  32 death scarabs (Tomb:2)
  A giant orange brain (Slime:6)
  A hill giant (D:11)
  2 orc sorcerers
  A wolf spider (Spider:1)
  A shining eye (Slime:1)
  A wolf spider zombie (Tomb:2)
  A manticore (Shoals:2)
  8 orb spiders
  2 deep elf magi (Elf:1)
  3 cyclopes
  2 sirens
  A spiny frog (Lair:4)
  A gargoyle (D:12)
  A jumping spider (Spider:1)
  A merfolk (Shoals:2)
  An ushabti (Tomb:3)
  5 flying skulls
  3 steam dragons
  3 golden eyes (Slime:6)
  A mottled dragon (D:14)
  A warg (Crypt:1)
  A black bear (Lair:3)
  An eye of draining (Slime:6)
  3 jellies (Slime:6)
  A mummy (Tomb:2)
  A white imp (IceCv)
  2 ufetubi (IceCv)
  9 fungi
  3 lost souls
  2 plants
  19 starspawn tentacles
  610 starspawn tentacle segments
752 creatures vanquished.

Grand Total: 2636 creatures vanquished

Notes
Turn   | Place    | Note
--------------------------------------------------------------
     0 | Abyss:1  | 4thArraOfDagon the Centaur Abyssal Knight began the quest for the Orb.
     0 | Abyss:1  | Reached XP level 1. HP: 19/19 MP: 2/2
    20 | Abyss:1  | Noticed a large abomination
    84 | Abyss:2  | Noticed a large abomination
   122 | Abyss:2  | Noticed a smoke demon
   122 | D:1      | Escaped the Abyss
   189 | D:1      | Reached * piety under Lugonu
   197 | D:1      | Reached skill level 1 in Polearms
   488 | D:2      | Reached XP level 2. HP: 26/26 MP: 3/3
   576 | D:2      | Noticed Ijyb
   586 | D:2      | Killed Ijyb
   586 | D:2      | Reached XP level 3. HP: 31/31 MP: 4/4
   662 | D:3      | Found a blossoming altar of Fedhas.
   676 | D:3      | Found a stormy altar of Qazlal.
   883 | D:1      | Reached ** piety under Lugonu
   998 | D:2      | Reached XP level 4. HP: 34/38 MP: 5/5
  1065 | D:3      | Found a faded altar to an unknown god.
  1123 | D:4      | Noticed Natasha
  1125 | D:4      | Killed Natasha
  1168 | D:4      | Noticed Grinder
  1169 | D:4      | Noticed Natasha
  1187 | D:4      | Reached XP level 5. HP: 45/45 MP: 5/7
  1260 | D:4      | Noticed Edmund
  1276 | D:4      | Killed Edmund
  1276 | D:4      | Reached skill level 4 in Polearms
  1287 | D:4      | Paralysed by Grinder for 2 turns
  1303 | D:4      | Killed Grinder
  1303 | D:4      | Reached XP level 6. HP: 26/51 MP: 8/8
  1312 | D:4      | Reached skill level 5 in Polearms
  1449 | D:4      | Killed Natasha
  1551 | D:3      | Reached XP level 7. HP: 38/57 MP: 10/10
  1747 | D:5      | Entered Level 5 of the Dungeon
  1919 | D:5      | Found a glowing drain.
  1927 | D:5      | Reached *** piety under Lugonu
  1932 | Sewer    | Entered a sewer
  2347 | D:6      | Reached skill level 5 in Invocations
  2365 | D:6      | Reached skill level 6 in Polearms
  2394 | D:6      | Reached XP level 8. HP: 59/63 MP: 12/12
  2553 | D:6      | Found a white marble altar of Elyvilon.
  2627 | D:5      | Found a glowing golden altar of the Shining One.
  2627 | D:5      | Found a sacrificial altar of Ru.
  2637 | D:5      | Found a basalt altar of Yredelemnul.
  2966 | D:7      | Reached skill level 7 in Polearms
  2985 | D:7      | Found a staircase to the Ecumenical Temple.
  3204 | D:7      | Reached **** piety under Lugonu
  3258 | D:7      | Reached XP level 9. HP: 32/69 MP: 14/14
  3473 | D:7      | Reached skill level 8 in Invocations
  3474 | D:7      | https://www.youtube.com/watch?v=wYuR8Grmi6U
  3487 | D:7      | Found Uzoar Xaxt's Weapon Shop.
  3545 | D:7      | Bought a +2 bardiche of chopping for 306 gold pieces
  3646 | D:8      | Noticed Maurice
  3661 | D:8      | Killed Maurice
  3687 | D:8      | Got a faintly glowing mace
  3864 | D:8      | Reached skill level 9 in Invocations
  4098 | D:9      | Reached ***** piety under Lugonu
  4186 | D:9      | Found a bloodstained altar of Trog.
  4247 | D:9      | Learned a level 4 spell: Passage of Golubria
  4250 | D:9      | Learned a level 2 spell: Swiftness
  4283 | D:9      | Reached XP level 10. HP: 74/79 MP: 17/17
  4289 | D:9      | Reached skill level 5 in Armour
  4576 | D:10     | Entered Level 10 of the Dungeon
  4648 | D:10     | Found an iron altar of Okawaru.
  4684 | D:10     | Reached skill level 10 in Invocations
  4769 | D:10     | Reached skill level 12 in Polearms
  4769 | D:10     | Reached XP level 11. HP: 48/85 MP: 18/18
  4822 | D:10     | Gained mutation: You are partially covered in iridescent scales (AC +4). [mutagenic meat]
  4823 | D:10     | Gained mutation: Potions and wands are less effective at restoring your health. [mutagenic meat]
  4824 | D:10     | Gained mutation: You are partially covered in slimy green scales (AC +2). [mutagenic meat]
  4825 | D:10     | Lost mutation: Potions and wands are less effective at restoring your health. [mutagenic meat]
  4826 | D:10     | Gained mutation: You have a pair of small horns on your head. [mutagenic meat]
  4922 | D:10     | Reached skill level 5 in Fighting
  5134 | D:10     | Found a staircase to the Orcish Mines.
  5254 | D:10     | Reached ****** piety under Lugonu
  5349 | D:10     | Found a bloodstained altar of Trog.
  5435 | D:10     | Identified the +6 mace of Hacking and Slashing {drain, rC+} (You found it on level 8 of the Dungeon)
  5453 | D:11     | Noticed a centaur warrior
  5454 | D:11     | Noticed a hill giant
  5458 | D:11     | Killed a centaur warrior
  5465 | D:11     | Noticed Sonja
  5465 | D:11     | Banished a hill giant
  5486 | D:11     | Banished Sonja
  5601 | D:11     | Noticed a hill giant
  5626 | D:11     | Killed a hill giant
  5886 | D:11     | Noticed a hill giant
  5922 | D:11     | Killed a hill giant
  5922 | D:11     | Reached XP level 12. HP: 40/95 MP: 20/20
  6221 | D:12     | Reached skill level 1 in Dodging
  6359 | D:12     | Noticed Charly's ghost (novice DDGl)
  6384 | D:12     | aha
  6481 | D:12     | Noticed Harold
  6482 | D:12     | Banished Harold
  6498 | D:12     | Reached skill level 13 in Polearms
  6670 | D:12     | Killed Charly's ghost
  6672 | D:12     | sry bruh
  6985 | D:12     | Noticed Fannar
  6995 | D:13     | Noticed a centaur warrior
  7007 | D:13     | Killed a centaur warrior
  7055 | D:13     | Found a large runed door.
  7055 | D:13     | Found a large runed door.
  7116 | D:15     | Entered Level 15 of the Dungeon
  7245 | D:14     | Noticed a centaur warrior
  7266 | D:14     | Killed a centaur warrior
  7351 | D:14     | Noticed Snorg
  7351 | D:14     | Banished Snorg
  7370 | D:14     | Found Pocwathy's Food Shop.
  7462 | D:14     | Noticed a centaur warrior
  7482 | D:14     | Noticed Maud
  7485 | D:14     | Killed a centaur warrior
  7551 | D:14     | Killed Maud
  7658 | D:14     | Reached XP level 13. HP: 33/105 MP: 22/22
  8343 | D:13     | Found a portal to a secret trove of treasure.
  8388 | D:13     | Learned a level 2 spell: Repel Missiles
  8605 | Orc:1    | Entered Level 1 of the Orcish Mines
  8605 | Orc:1    | Found Quotauma's Antique Armour Emporium.
  8649 | Orc:1    | Bought a shimmering cloak for 332 gold pieces
  8649 | Orc:1    | Bought a pair of runed gloves for 157 gold pieces
  8659 | Orc:1    | Identified the cursed +0 cloak of Punoc {rF+ rC- Str+5} (You bought it in a shop on level 1 of the Orcish Mines)
  8912 | Orc:1    | Found a roughly hewn altar of Beogh.
  9076 | Orc:2    | Entered Level 2 of the Orcish Mines
  9205 | Orc:2    | Found a staircase to the Elven Halls.
  9284 | Orc:2    | Noticed an orc warlord
  9404 | Orc:1    | Killed an orc warlord
  9404 | Orc:1    | Reached skill level 14 in Polearms
  9648 | Orc:1    | Paralysed by an orc sorcerer for 3 turns
  9892 | Abyss:1  | Noticed a starcursed mass
  9973 | Abyss:3  | Found a blossoming altar of Fedhas.
 10012 | Orc:2    | Escaped the Abyss
 10312 | Orc:2    | Paralysed by an orc sorcerer for 4 turns
 10355 | Orc:2    | Found Linatish's Food Shop.
 10355 | Orc:2    | Found Cisuixt's Distillery.
 10356 | Orc:2    | Found Pilu's Food Boutique.
 10359 | Orc:2    | Found Nastutoc's Weapon Boutique.
 10365 | Orc:2    | Bought a potion of heal wounds for 80 gold pieces
 10365 | Orc:2    | Bought a potion of heal wounds for 80 gold pieces
 10365 | Orc:2    | Bought 2 potions of haste for 320 gold pieces
 10365 | Orc:2    | Bought a potion of curing for 48 gold pieces
 10365 | Orc:2    | Bought a potion of agility for 64 gold pieces
 10463 | Elf:1    | Entered Level 1 of the Elven Halls
 10535 | Elf:1    | Reached skill level 1 in Charms
 10665 | Elf:2    | Noticed Wiglaf
 10770 | Elf:1    | Noticed a deep elf demonologist
 10778 | Elf:1    | Killed a deep elf demonologist
 10778 | Elf:1    | Reached skill level 1 in Translocations
 10778 | Elf:1    | Reached skill level 1 in Air Magic
 11329 | Abyss:2  | Noticed a white draconian
 11332 | Abyss:2  | Reached XP level 14. HP: 101/115 MP: 24/24
 11333 | Orc:2    | Escaped the Abyss
 11540 | D:9      | Found a staircase to the Lair.
 11550 | Lair:1   | Entered Level 1 of the Lair of Beasts
 11804 | Lair:1   | Reached skill level 1 in Spellcasting
 12126 | Lair:3   | Reached skill level 1 in Evocations
 12877 | Lair:4   | Noticed Josephine
 12892 | Lair:4   | Banished Josephine
 12937 | Lair:4   | Gained mutation: Your mind is acute. (Int +2) [helix card]
 13130 | Lair:4   | Noticed nublet's ghost (journeyman DrTm)
 13315 | Lair:5   | Found a staircase to the Shoals.
 13760 | Lair:7   | Found a labyrinth entrance.
 13768 | Lab      | Entered a labyrinth
 13861 | Lab      | Reached skill level 5 in Dodging
 13863 | Lab      | Got a vibrating jade ring
 13864 | Lab      | Got a translucent morningstar {freeze}
 13890 | Lab      | Identified the ring "Aprazus" {+/*Tele rF+ Int-2 SInv} (You took it off a minotaur in a labyrinth)
 13943 | Lair:7   | Identified a scroll of acquirement
 13944 | Lair:7   | Got a smoking centaur barding
 13950 | Lair:7   | Identified the +4 centaur barding of Deneurro {*Confuse +Blink rPois Dex+4} (You acquired it on level 7 of the Lair of Beasts)
 13950 | Lair:7   | :)
 13982 | Lair:7   | Found a dark tunnel.
 14003 | Volcano  | Entered a volcano
 14094 | Volcano  | Found a bloodstained altar of Trog.
 14153 | Volcano  | Identified the +2 morningstar "Isud Iqe" {freeze, rElec rPois rC-} (You took it off a minotaur in a labyrinth)
 14316 | Lair:7   | Reached XP level 15. HP: 123/123 MP: 25/25
 14581 | Lair:7   | Got a distressingly furry ring mail
 14600 | Lair:8   | Entered Level 8 of the Lair of Beasts
 14725 | Lair:8   | Reached skill level 5 in Translocations
 14832 | Lair:8   | Gained mutation: Scrolls take you a little longer to read. [potion of mutation]
 14832 | Lair:8   | Gained mutation: Your body sometimes deteriorates upon taking damage. [potion of mutation]
 14832 | Lair:8   | Lost mutation: Your mind is acute. (Int +2) [potion of mutation]
 14836 | Lair:8   | Learned a level 1 spell: Apportation
 14924 | Lair:8   | Reached skill level 5 in Evocations
 15004 | Lair:8   | Reached skill level 15 in Polearms
 15569 | Lair:8   | Identified the +1 ring mail of Creativity {Dex+3} (You found it on level 7 of the Lair of Beasts)
 15694 | Lair:6   | Found a hole to the Spider Nest.
 15719 | Spider:1 | Entered Level 1 of the Spider Nest
 15807 | Spider:1 | Noticed Frances
 15819 | Lair:6   | so struggle
 15931 | Shoals:1 | Entered Level 1 of the Shoals
 16054 | Shoals:1 | Reached skill level 15 in Invocations
 16659 | Shoals:2 | Noticed Polyphemus
 16665 | Shoals:2 | Banished Polyphemus
 16871 | Shoals:1 | Reached XP level 16. HP: 110/132 MP: 27/27
 17196 | Shoals:2 | Learned a level 2 spell: Blink
 17372 | Shoals:3 | Noticed Nikola
 17767 | Shoals:3 | Killed Nikola
 17767 | Shoals:3 | Reached skill level 16 in Polearms
 17984 | Shoals:4 | Entered Level 4 of the Shoals
 18109 | Shoals:3 | HP: 4/132 [merfolk impaler/trident of venom (9)]
 18365 | Shoals:4 | Identified the Volume of Moulding (You found it on level 4 of the Shoals)
 18369 | Shoals:4 | Learned a level 2 spell: Stoneskin
 18523 | Shoals:4 | Got a colourful robe
 18694 | Shoals:4 | Noticed Ilsuiw
 18752 | Shoals:4 | Killed Ilsuiw
 19054 | Shoals:4 | Got a polished ring mail
 19065 | Shoals:4 | Identified the cursed +0 ring mail "Taeqefoc" {rN+ Int+3} (You found it on level 4 of the Shoals)
 19077 | Shoals:4 | Identified the cursed +1 robe "Kylo" {MP+9 Int+3 Dex-2 Stlth+} (You found it on level 4 of the Shoals)
 19635 | Shoals:4 | Got a barnacled rune of Zot
 19666 | Shoals:4 | Got a coiled turquoise ring
 19693 | Shoals:4 | Identified the ring of Ymash {rPois rC++ AC+2 Str+6} (You found it on level 4 of the Shoals)
 19722 | Shoals:4 | Reached XP level 17. HP: 107/137 MP: 28/28
 19971 | Spider:1 | Reached skill level 17 in Polearms
 19988 | Spider:1 | Killed Frances
 20002 | Spider:2 | Noticed Arachne
 20166 | Spider:1 | Banished Arachne
 20222 | Spider:2 | Found a frozen archway.
 20239 | IceCv    | Entered an ice cave
 20476 | IceCv    | Noticed an Ice Fiend
 20483 | IceCv    | Killed an Ice Fiend
 20483 | IceCv    | Reached skill level 10 in Armour
 20728 | Spider:4 | Entered Level 4 of the Spider Nest
 21348 | Spider:4 | Reached skill level 18 in Polearms
 21714 | Spider:4 | Got a gossamer rune of Zot
 21945 | Lair:7   | Found a staircase to the Slime Pits.
 21963 | Slime:1  | Entered Level 1 of the Pits of Slime
 22367 | Slime:4  | Reached skill level 19 in Polearms
 22440 | Slime:5  | Gained mutation: Your magical capacity is low (-10% MP). [a shining eye]
 22442 | Slime:5  | Reached XP level 18. HP: 113/145 MP: 26/26
 22443 | Slime:5  | Gained mutation: Your body often deteriorates upon taking damage. [a shining eye]
 22581 | Slime:4  | HP: 7/145 [slime creature (17)]
 22744 | Slime:5  | Gained mutation: You are frail (-10% HP). [a shining eye]
 22770 | Slime:6  | Entered Level 6 of the Pits of Slime
 22798 | Slime:6  | Gained mutation: You expend magic power (3 MP) to strengthen your wands. [a shining eye]
 22802 | Slime:6  | Lost mutation: You are partially covered in iridescent scales (AC +4). [potion of cure mutation]
 22802 | Slime:6  | Lost mutation: Scrolls take you a little longer to read. [potion of cure mutation]
 22802 | Slime:6  | Lost mutation: You expend magic power (3 MP) to strengthen your wands. [potion of cure mutation]
 22802 | Slime:6  | Lost mutation: You are frail (-10% HP). [potion of cure mutation]
 22802 | Slime:6  | Lost mutation: Your body often deteriorates upon taking damage. [potion of cure mutation]
 23020 | Slime:6  | Found a viscous altar of Jiyva.
 23022 | Slime:6  | Noticed the Royal Jelly
 23054 | Slime:6  | Killed the Royal Jelly
 23054 | Slime:6  | Reached skill level 20 in Polearms
 23055 | Slime:6  | Corrupted Slime:6
 23190 | Slime:6  | Got a scorched hat
 23196 | Slime:6  | Identified the +1 hat of Deirhull {rElec rPois Str+2 Int-5} (You acquired it on level 6 of the Pits of Slime)
 23275 | Slime:6  | Noticed crawlian's ghost (veteran DEEE)
 23302 | Slime:6  | Got a slimy rune of Zot
 23401 | Abyss:1  | HP: 6/145 [Polyphemus/large rock (15)]
 23402 | Abyss:1  | HP: 2/145 [thrashing horror (5)]
 23408 | Abyss:1  | HP: 5/145 [thrashing horror (14)]
 23450 | Abyss:1  | Killed Sonja
 23642 | Abyss:1  | Paralysed by accursed screaming for 1 turns
 23693 | Abyss:1  | Killed Josephine
 23788 | Abyss:1  | Killed Polyphemus
 23909 | Slime:6  | Escaped the Abyss
 23989 | Slime:6  | Killed crawlian's ghost
 24007 | Slime:6  | Got a scorched cloak
 24117 | Slime:6  | Identified a +4 rod of clouds (14/14) (You found it on level 6 of the Pits of Slime)
 24154 | Slime:6  | Identified the +0 cloak of Duxy {MR++} (You found it on level 6 of the Pits of Slime)
 24172 | Slime:6  | Learned a level 2 spell: Cure Poison
 24482 | D:9      | ummm
 24628 | Elf:1    | Identified the Handbook of Creation (You found it on level 1 of the Elven Halls)
 24697 | Elf:1    | Noticed Roxanne
 24789 | Elf:1    | Killed Wiglaf
 24920 | Elf:3    | Entered Level 3 of the Elven Halls
 24925 | Elf:3    | Found an ancient bone altar of Kikubaaqudgha.
 25536 | Elf:3    | Reached skill level 10 in Fighting
 25609 | Elf:3    | Got a pitted ivory amulet
 25648 | Elf:3    | Reached XP level 19. HP: 140/154 MP: 27/27
 25652 | Elf:3    | Identified the amulet "Irphor Rouku" {Faith *Contam rElec rC+ rN++} (You took it off a deep elf sorcerer on level 3 of the Elven Halls)
 25734 | Elf:3    | Got a fine ivory amulet
 26046 | Elf:3    | Identified the Almanac of Shifting Beguiling (You found it on level 3 of the Elven Halls)
 26053 | Elf:3    | Learned a level 5 spell: Silence
 26444 | Elf:1    | You fall through a shaft!
 26580 | Elf:2    | Found a huge runed gate.
 26580 | Elf:2    | Found a huge runed gate.
 26580 | Elf:2    | Found a huge runed gate.
 26580 | Elf:2    | Found a huge runed gate.
 26580 | Elf:2    | Found a huge runed gate.
 26733 | Orc:2    | Bought 2 potions of brilliance for 128 gold pieces
 26733 | Orc:2    | Bought a potion of magic for 128 gold pieces
 26733 | Orc:2    | Bought a potion of resistance for 160 gold pieces
 26737 | Orc:2    | Bought a bread ration for 55 gold pieces
 26737 | Orc:2    | Bought a meat ration for 55 gold pieces
 26737 | Orc:2    | Bought a meat ration for 55 gold pieces
 26737 | Orc:2    | Bought a meat ration for 55 gold pieces
 26737 | Orc:2    | Bought a meat ration for 55 gold pieces
 26737 | Orc:2    | Bought a bread ration for 55 gold pieces
 26737 | Orc:2    | Bought a bread ration for 55 gold pieces
 26737 | Orc:2    | Bought a meat ration for 55 gold pieces
 26737 | Orc:2    | Bought a meat ration for 55 gold pieces
 26739 | Orc:2    | Bought a meat ration for 60 gold pieces
 26739 | Orc:2    | Bought a bread ration for 60 gold pieces
 26739 | Orc:2    | Bought a meat ration for 60 gold pieces
 26739 | Orc:2    | Bought a bread ration for 60 gold pieces
 26739 | Orc:2    | Bought a bread ration for 60 gold pieces
 26739 | Orc:2    | Bought a meat ration for 60 gold pieces
 26739 | Orc:2    | Bought a meat ration for 60 gold pieces
 26877 | Temple   | Entered the Ecumenical Temple
 26918 | Temple   | Fell from the grace of Lugonu
 26918 | Temple   | Became a worshipper of Makhleb the Destroyer
 27101 | D:13     | You showed the slimy rune of Zot to enter a treasure trove
 27102 | Trove    | Entered a treasure trove
 27158 | Trove    | Got a transparent centaur barding
 27169 | Trove    | Identified the +1 centaur barding of the Worm {Regen+} (You found it in a treasure trove)
 27172 | Trove    | Got a faintly glowing ring mail
 27183 | Trove    | Identified the cursed +0 ring mail of the Hart {Regen+ Str+4} (You found it in a treasure trove)
 27196 | Trove    | Got a distressingly furry centaur barding
 27207 | Trove    | Identified the +4 centaur barding of Fedhas's Whim {Str+4 SInv} (You found it in a treasure trove)
 27209 | Trove    | Got a spiked centaur barding
 27220 | Trove    | Identified the +1 centaur barding of Theory {rPois} (You found it in a treasure trove)
 27236 | Trove    | Got a shimmering plate armour
 27247 | Trove    | Identified the +10 plate armour of Gravity {rElec Int+4} (You found it in a treasure trove)
 27382 | D:13     | Found a gate to the Vaults.
 27399 | D:13     | Reached skill level 21 in Polearms
 27457 | D:13     | Reached * piety under Makhleb
 27480 | Vaults:1 | Entered Level 1 of the Vaults
 27523 | Vaults:2 | Found a flickering gateway to a bazaar.
 27532 | Bazaar   | Entered a bazaar
 27532 | Bazaar   | Found Kemasas's Antique Armour Shoppe.
 27550 | Bazaar   | Found Kasirphi's Antique Armour Shoppe.
 27563 | Bazaar   | Found Gycacias's Jewellery Shoppe.
 27583 | Bazaar   | Bought a brightly glowing chain mail for 351 gold pieces
 27595 | Bazaar   | Identified the cursed +0 chain mail of Midwinter {*Corrode rN+ Regen+} (You bought it in a shop in a bazaar)
 27856 | Vaults:2 | Reached ** piety under Makhleb
 28106 | Vaults:3 | Reached *** piety under Makhleb
 28226 | Vaults:3 | Identified the amulet of Zin's Reproof {Spirit Dex+3} (You took it off a deep elf blademaster on level 3 of the Elven Halls)
 28314 | Vaults:3 | Found Juhihucaow's Weapon Boutique.
 28356 | Vaults:3 | Reached **** piety under Makhleb
 28414 | Vaults:2 | Noticed Jorgrun
 28446 | Vaults:2 | Killed Jorgrun
 28451 | Vaults:2 | Reached XP level 20. HP: 166/166 MP: 28/28
 28487 | Vaults:2 | Reached ***** piety under Makhleb
 29020 | Vaults:4 | Noticed an ancient lich
 29070 | Vaults:4 | Killed an ancient lich
 29153 | Vaults:4 | Reached ****** piety under Makhleb
 29460 | Vaults:3 | Paralysed by an ogre mage for 3 turns
 29524 | Vaults:4 | Found Daga Bowasee's Weapon Shop.
 29585 | Vaults:5 | Entered Level 5 of the Vaults
 29595 | Vaults:4 | Reached skill level 22 in Polearms
 29656 | Vaults:5 | Reached XP level 21. HP: 163/174 MP: 29/29
 29797 | Vaults:5 | Noticed a large abomination
 29813 | Vaults:5 | Killed a large abomination
 29927 | Vaults:5 | Drew Focus: Dex increased to 18, Int decreased to 11
 30085 | Vaults:5 | Identified Vehumet's Grimoire of Attacks (You found it on level 5 of the Vaults)
 30175 | Vaults:5 | Paralysed by accursed screaming for 1 turns
 30463 | Vaults:5 | Reached XP level 22. HP: 119/185 MP: 30/30
 30693 | Vaults:5 | Got a crude platinum ring
 30695 | Vaults:5 | Identified the ring of Ruich {+/*Tele rPois rC- rN+ Int+5} (You took it off an ironbrand convoker on level 5 of the Vaults)
 30759 | Vaults:5 | Identified the Compendium of the Supportive Voyage (You found it on level 5 of the Vaults)
 31087 | Vaults:5 | Identified the Almanac of Dark Arts and Self-Improvement (You found it on level 5 of the Vaults)
 31139 | Vaults:5 | Reached skill level 23 in Polearms
 31205 | Vaults:5 | Got a silver rune of Zot
 31339 | Vaults:2 | Found a staircase to the Crypt.
 31346 | Crypt:1  | Entered Level 1 of the Crypt
 31346 | Crypt:1  | Noticed Sojobo
 31434 | Vaults:2 | Killed Sojobo
 31492 | Crypt:1  | Noticed Xtahua
 31501 | Crypt:1  | Killed Xtahua
 31542 | Crypt:1  | Reached skill level 10 in Evocations
 31546 | Crypt:1  | Noticed Saint Roka
 31553 | Crypt:1  | Noticed Margery
 31575 | Crypt:1  | Noticed Mara
 31585 | Crypt:1  | Noticed 4thArraOfDagon's illusion
 31792 | Crypt:1  | Found a magical portal.
 31797 | WizLab   | Entered Cigotuvi's Fleshworks
 32026 | Crypt:2  | Paralysed by a vampire knight for 6 turns
 32099 | Crypt:3  | Entered Level 3 of the Crypt
 32293 | Crypt:3  | Found an ancient bone altar of Kikubaaqudgha.
 32460 | Crypt:3  | Noticed Frederick
 32511 | Crypt:3  | Killed Frederick
 32712 | Crypt:3  | Reached XP level 23. HP: 155/193 MP: 31/31
 33071 | Crypt:3  | Found a staircase to the Tomb.
 33071 | Crypt:3  | Noticed Jory
 33093 | Crypt:3  | Killed Jory
 33121 | Crypt:3  | Got a pitted golden ring
 33123 | Crypt:3  | Identified the ring "Lubiqur" {Fire MR+ Str+3} (You found it on level 3 of the Crypt)
 33142 | Tomb:1   | Entered Level 1 of the Tomb of the Ancients
 33183 | Tomb:1   | Reached skill level 15 in Armour
 33262 | Tomb:1   | Noticed a greater mummy
 33262 | Tomb:1   | Noticed a greater mummy
 33360 | Tomb:1   | Noticed a greater mummy
 33373 | Tomb:1   | Noticed a greater mummy
 33752 | Tomb:3   | Entered Level 3 of the Tomb of the Ancients
 33781 | Tomb:3   | Noticed a greater mummy
 33855 | Tomb:3   | Noticed a greater mummy
 33976 | Tomb:3   | Noticed a greater mummy
 33986 | Tomb:2   | Killed a greater mummy
 33986 | Tomb:2   | Reached skill level 24 in Polearms
 34321 | Tomb:3   | Noticed a greater mummy
 34377 | Tomb:2   | Killed a greater mummy
 34383 | Tomb:2   | HP: 8/193 [greater mummy (17)]
 34391 | Tomb:2   | HP: 8/193 [Executioner[the player character] (3)]
 34391 | Tomb:2   | HP: 1/193 [Executioner[the player character] (7)]
 34394 | Tomb:2   | Slain by an Executioner

Vault maps used:
D:1:      lightli_molten_gateway, serial_bayou_pond_a, kennysheep_nondescript,
          minmay_misc_feat_room
D:2:      uniq_iyjb
D:3:      grunt_temple_overflow_forces_of_nature, serial_undead,
          serial_undead_a, serial_undead_a, serial_undead_c, serial_undead_a,
          serial_undead_c, serial_undead_f, ecumenical_altar_2,
          hangedman_abyss_or_decor_stabs
D:4:      first_bread, uniq_edmund, uniq_grinder, uniq_natasha
D:5:      gammafunk_temple_overflow_wave, okawaru_altar_gauntlet_db,
          lemuel_crystal_altar, gup_sewer_entry_bubbles, roderic_roman_lattice
D:6:      kennysheep_steamy, elyvilon_altar_3
D:7:      minmay_temple_entry_statues_pillars, serial_shops, shop
D:8:      statuecave_lemuel, the_bakery, uniq_maurice
D:9:      lemuel_zombie_altar_kikubaaqudgha, lemuel_doored_altar,
          grunt_lair_entry_orc_guard_hut, minivault_24
D:10:     zombieorc1_lemuel, hangedman_feature_mirror
D:11:     minmay_misc_feat_four_crosses, minmay_misc_feat_nine_boxes,
          patterned_corridor, uniq_sonja
D:12:     uniq_fannar, uniq_harold
D:13:     lightli_vaults_fourway_checkpoint, enter_trove_3,
          lightli_elemental_guards
D:14:     serial_shops, shop, uniq_snorg, uniq_maud
D:15:     grunt_enter_depths_snipers, serial_park_avenue1, uniq_nessos
Temple:   zaba_magenta_temple_12
Lair:1:   nicolae_lair_grove_arrangements, beast_lair_carwin_10
Lair:2:   lemuel_centaur_altar
Lair:3:   grunt_forest_large_clearings, lemuel_fruit_fields
Lair:4:   grunt_megastairs_2, uniq_josephine
Lair:5:   minmay_shoals_entry_centaurs, disabler_island, lemuel_fruit_tree,
          infiniplex_staircase_pool_2
Lair:6:   dummy_spider_entry
Lair:7:   dpeg_slime_entry_corner, lab_entry_generic,
          nicolae_volcano_entry_vermiform, st_stairs_12, beast_lair_carwin_9
Lair:8:   evilmike_catoblepas_cave, zaba_anthell
Shoals:2: uniq_polyphemus
Shoals:3: uniq_nikola
Shoals:4: shoals_end_grunt_ice, shoals_ilsuiw_ice
Spider:1: uniq_louise, uniq_kirke, uniq_frances
Spider:2: portal_ice_cave_entry_imps, uniq_arachne
Spider:3: uniq_norris
Spider:4: grunt_spider_rune_circles
Slime:2:  uniq_dissolution
Slime:4:  cheibrodos_slime_lost_civilization_5
Orc:1:    basic_altar, serial_shops, nicolae_shop_overgrown_old_shop,
          trog_hazing_becter
Orc:2:    st_orc_mages
Elf:1:    eino_elf_arrival_the_gate, minmay_elf_demonology, uniq_roxanne
Elf:2:    serial_shops, shop, uniq_wiglaf
Elf:3:    elf_hall_gauntlet_narrow, serial_glass, glass_columns_c,
          glass_columns_c, glass_columns_b, glass_columns_a, glass_columns_a,
          glass_columns_a, basic_altar, minivault_25_ag, spider_trap
Vaults:1: v_misc_4, ontoclasm_vaults_eye, hangedman_vaults_nails, v_misc_26,
          v_misc_18, hangedman_vaults_pinch, v_misc_19,
          nicolae_vaults_big_angled_halls, vaults_room_hallway, st_lattice,
          nicolae_vaults_diagonal_hallway_7, nicolae_vaults_little_squares_6,
          uniq_aizul
Vaults:2: v_rooms_1, nicolae_vaults_c_with_doors, vaults_standard_mumra_lines,
          hangedman_vaults_hat, hangedman_vaults_unwind,
          nicolae_vaults_diagonal_hallway_9, minmay_crypt_entry_simple_corners,
          ontoclasm_vaults_twist, ontoclasm_vaults_ring_small,
          nicolae_vaults_gold_heap, v_alt_pattern_1,
          nicolae_vaults_mini_display_case, vaults_dpeg_encased_lava,
          vaults_room_stairs_pillars, serial_shops, bzr_in_the_mist,
          uniq_mennas, uniq_jorgrun
Vaults:3: nicolae_vaults_circle_grid_a, vaults_room_pool,
          vaults_room_fancy_cross, v_misc_18, v_rooms_5, hangedman_vaults_snaps,
          nicolae_vaults_ninety_degrees, nicolae_vaults_asterisk, v_pattern_3,
          vaults_mumra_minichess, serial_shops, nicolae_shop_window_shopping
Vaults:4: st_octagons_1, vaults_room_door_ring, vaults_room_door_hall,
          v_rooms_2, hangedman_vaults_stitches, hangedman_vaults_restitches,
          nicolae_vaults_border_crossing, hangedman_vaults_nails,
          vaults_room_hallway, vaults_room_hallway, vaults_room_mumra_shop_pool,
          v_misc_23, nicolae_vaults_little_squares_1, serial_shops, shop
Crypt:1:  mu_enter_wizlab_7, fountainhead, grunt_crypt_arrival_webbed,
          uniq_margery, uniq_sojobo, uniq_saint_roka, uniq_mara, uniq_xtahua
Crypt:2:  weyrava_vampire_temple
Crypt:3:  grunt_crypt_end_deaths_head, uniq_frederick
Abyss:1:  evilmike_abyss_exit_6
Lab:      labyrinth_spiral, labyrinth_skeletal_remains
Bazaar:   bazaar_jpeg_triangles
Trove:    trove_armour_six_rooms
Sewer:    sewer_co_cracked_pipes
IceCv:    ice_cave_small_demon
Volcano:  volcano_lake
WizLab:   wizlab_cigotuvi

Action                   |  1- 3 |  4- 6 |  7- 9 | 10-12 | 13-15 | 16-18 | 19-21 | 22-24 || total
-------------------------+-------+-------+-------+-------+-------+-------+-------+-------++-------
Melee: Glaive            |    95 |    56 |   278 |   569 |  1803 |  1444 |  1503 |  1187 ||  6935
       Bardiche          |       |       |       |       |     7 |       |       |    67 ||    74
       Morningstar       |       |       |       |       |       |     1 |       |       ||     1
 Fire: Blowgun           |       |       |       |       |       |    49 |       |       ||    49
Throw: Javelin           |       |       |       |     1 |       |       |       |       ||     1
       Throwing net      |       |       |       |       |       |     4 |       |       ||     4
 Cast: Repel Missiles    |       |       |       |       |     3 |     8 |     4 |     1 ||    16
       Apportation       |       |       |       |       |       |    89 |    55 |    30 ||   174
Invok: Depart the Abyss  |     1 |       |       |       |     1 |     1 |       |       ||     3
       Banish            |       |       |     3 |     9 |    19 |    27 |       |       ||    58
       Enter the Abyss   |       |       |       |       |     2 |     1 |       |       ||     3
       Bend Space        |       |       |       |       |       |     1 |       |       ||     1
       Corrupt           |       |       |       |       |       |     1 |       |       ||     1
       Greater Servant o |       |       |       |       |       |       |     5 |    12 ||    17
       Lesser Servant of |       |       |       |       |       |       |     8 |     9 ||    17
 Abil: Evoke Teleportati |       |       |       |       |     1 |     1 |     7 |    14 ||    23
Evoke: Wand              |       |       |    10 |     3 |     1 |    26 |     8 |    10 ||    58
       Deck              |       |       |       |       |     4 |     3 |     2 |       ||     9
       Rod               |       |       |       |       |       |     5 |    18 |     1 ||    24
       Stone of tremors  |       |       |       |       |       |     1 |       |       ||     1
       Lamp of fire      |       |       |       |       |       |       |       |     1 ||     1
  Use: Scroll            |     3 |     5 |     8 |    10 |    28 |    26 |    20 |    11 ||   111
       Potion            |       |     3 |     1 |     4 |    11 |    25 |    11 |     4 ||    59
 Stab: Sleeping          |     1 |       |     1 |       |       |       |       |     1 ||     3
       Confused          |       |       |     1 |       |       |       |       |       ||     1
       Distracted        |       |       |     1 |       |       |       |     5 |    10 ||    16
       Petrified         |       |       |       |       |     1 |       |       |       ||     1
       Held in net/web   |       |       |       |       |       |     7 |       |       ||     7
       Invisible         |       |       |       |       |       |       |     1 |       ||     1
  Eat: Beef jerky        |       |     1 |       |       |     2 |     3 |     1 |       ||     7
       Chunk             |       |       |    10 |    20 |    16 |     8 |    11 |       ||    65
       Fruit             |       |       |       |     2 |    17 |    10 |       |     3 ||    32
       Pizza             |       |       |       |       |     5 |     4 |       |     1 ||    10
       Royal jelly       |       |       |       |       |     2 |     3 |       |       ||     5
       Meat ration       |       |       |       |       |       |     2 |     1 |     1 ||     4
       Bread ration      |       |       |       |       |       |       |     2 |     4 ||     6
